Map: Slaying Fields

Players

Loken

  • Race: Zerg Zerg
  • League: Platinum
  • Spawn Location: 11:00

dallaskuken

  • Race: Protoss Protoss
  • League: Platinum
  • Spawn Location: 12:00

Myran

  • Race: Protoss Protoss
  • Spawn Location: 9:00

gLMudis

  • Race: Terran Terran
  • Spawn Location: 5:00

ggWUTLOL

  • Race: Zerg Zerg
  • Spawn Location: 3:00

Reservkatt

  • Race: Protoss Protoss
  • Spawn Location: 6:00

VOD

Have the link to the VOD?

Description

Time

  • Played on: March 14, 2017, 6:19 p.m.
  • Length: 12:20
Show
View Real Time Build Order
Export as new Build Order

Loken Zerg 

Build Orders: Hatch First 

Get SALT Encoding   

  12  0:01  Drone  
  13  0:08  Drone  
  14  0:17  Overlord  
  14  0:37  Drone x3  
  17  0:59  Hatchery, Drone  
  17  1:12  Spawning Pool  
  17  1:16  Overlord  
  16  1:20  Drone  
  16  1:24  Drone  
  18  1:28  Extractor  
  17  1:34  Drone  
  18  1:53  Drone x2  
  20  1:58  Queen  
  22  2:07  Drone  
  23  2:12  Drone  
  23  2:13  Queen  
  26  2:22  Overlord, Roach Warren  
  26  2:24  Drone  
  26  2:33  Drone x2  
  28  2:40  Metabolic Boost  
  28  2:47  Zergling x6  
  31  2:59  Drone  
  31  3:01  Drone  
  33  3:10  Drone x4  
  37  3:19  Zergling x4  
  39  3:25  Zergling x8  
  43  3:43  Zergling x2  
  43  3:44  Overlord  
  43  3:45  Overlord x2  
  40  4:05  Zergling x6  
  40  4:06  Zergling x8  
  44  4:40  Extractor  
  44  4:41  Lair  
  44  4:45  Roach x6  
  54  5:01  Hatchery  
  49  5:26  Roach  
  49  5:27  Roach x8  
  62  6:17  Glial Reconstitution  
  62  6:20  Overlord x2  
  62  6:23  Zergling x16  
  70  6:52  Zergling x2  
  70  6:53  Zergling x22  
  82  7:08  Hatchery, Drone x4  
  85  7:16  Roach  
  85  7:17  Roach  
  85  7:21  Overlord x6  
  57  7:58  Zergling x14  
  48  7:59  Zergling x10  
  48  8:05  Roach x3  
  57  8:31  Zergling x2  
  57  8:32  Zergling x12  
  64  8:45  Zergling x2  
  64  8:46  Zergling x20  
  75  8:53  Infestation Pit  
  74  8:58  Spire  
  72  9:18  Zergling x2  
  72  9:19  Zergling x32  
  72  9:56  Drone  
  72  9:57  Drone x16  
  72  9:59  Queen  
  89  10:01  Queen  
  49  10:45  Roach x7  
  49  10:46  Roach x9  
  31  11:37  Zergling x8  
  31  11:38  Zergling x16  
Show
View Real Time Build Order
Export as new Build Order

dallaskuken Protoss 

Build Orders:  

Get SALT Encoding   

  12  0:01  Probe (Chrono Boost)  
  13  0:19  Pylon  
  13  0:40  Forge  
  13  0:44  Pylon  
  13  0:53  Pylon  
  13  1:17  Photon Cannon  
  13  1:19  Photon Cannon  
  13  1:24  Pylon  
  12  1:54  Gateway  
  12  2:02  Probe (Chrono Boost)  
  13  2:12  Probe (Chrono Boost)  
  15  2:23  Probe (Chrono Boost)  
  15  2:26  Pylon  
  15  2:31  Photon Cannon  
  15  2:33  Probe (Chrono Boost)  
  16  2:41  Assimilator  
  16  2:44  Probe (Chrono Boost)  
  17  2:54  Probe (Chrono Boost)  
  17  2:58  Cybernetics Core  
  18  3:05  Probe (Chrono Boost)  
  19  3:15  Probe (Chrono Boost)  
  20  3:22  Pylon  
  20  3:26  Probe (Chrono Boost)  
  21  3:36  Probe (Chrono Boost)  
  22  3:42  Gateway  
  22  3:47  Probe (Chrono Boost)  
  23  3:53  Assimilator  
  23  3:59  Adept  
  25  4:21  Stargate  
  25  4:35  Stalker  
  27  4:47  Probe (Chrono Boost)  
  27  4:52  Nexus  
  28  4:58  Probe (Chrono Boost)  
  29  5:06  Oracle  
  32  5:08  Probe (Chrono Boost)  
  33  5:20  Probe (Chrono Boost)  
  34  5:26  Stalker  
  36  5:30  Pylon  
  36  5:31  Pylon, Probe (Chrono Boost)  
  36  5:33  Photon Cannon  
  37  5:41  Probe (Chrono Boost)  
  28  5:52  Probe (Chrono Boost)  
  3  6:29  Probe (Chrono Boost)  
  4  6:40  Probe (Chrono Boost)  
  5  6:51  Probe (Chrono Boost)  
  7  7:01  Probe (Chrono Boost)  
  7  7:12  Probe (Chrono Boost)  
  7  7:14  Oracle  
  12  7:23  Probe (Chrono Boost)  
  12  7:35  Probe (Chrono Boost)  
  13  7:45  Oracle  
  13  7:47  Probe (Chrono Boost)  
  18  7:59  Probe (Chrono Boost)  
Show
View Real Time Build Order
Export as new Build Order

Myran Protoss 

Build Orders: Cannon Rush 

Get SALT Encoding   

  12  0:01  Probe (Chrono Boost)  
  13  0:15  Probe (Chrono Boost)  
  14  0:23  Pylon  
  14  0:26  Probe (Chrono Boost)  
  15  0:48  Pylon  
  15  0:50  Probe (Chrono Boost)  
  16  0:57  Forge  
  16  1:07  Pylon  
  16  1:14  Pylon  
  16  1:24  Pylon  
  16  1:27  Probe (Chrono Boost)  
  17  1:37  Pylon  
  17  1:38  Probe (Chrono Boost)  
  18  1:45  Photon Cannon x2  
  18  1:50  Pylon  
  18  1:57  Photon Cannon  
  18  2:01  Photon Cannon  
  18  2:20  Photon Cannon  
  18  2:29  Probe (Chrono Boost)  
  19  2:35  Gateway  
  19  2:39  Pylon  
  19  2:43  Photon Cannon  
  19  2:57  Photon Cannon  
  19  3:00  Pylon  
  19  3:04  Probe (Chrono Boost)  
  20  3:15  Probe (Chrono Boost)  
  21  3:20  Photon Cannon  
  21  3:28  Photon Cannon  
  21  3:32  Photon Cannon  
  21  3:33  Pylon  
  21  4:09  Probe (Chrono Boost)  
  22  4:15  Pylon  
  22  4:16  Pylon  
  22  4:20  Photon Cannon  
  22  4:22  Probe (Chrono Boost)  
  23  4:30  Pylon  
  23  4:32  Probe (Chrono Boost)  
  24  4:51  Photon Cannon  
  24  4:52  Photon Cannon  
  24  4:56  Probe (Chrono Boost)  
  24  4:58  Zealot  
  27  5:04  Photon Cannon  
  27  5:07  Probe (Chrono Boost)  
  28  5:09  Assimilator  
  28  5:28  Nexus  
  28  5:38  Photon Cannon  
  28  5:43  Pylon  
  28  5:48  Probe (Chrono Boost)  
  29  6:00  Assimilator  
  29  6:04  Probe (Chrono Boost)  
  30  6:36  Cybernetics Core  
  30  6:41  Probe (Chrono Boost)  
  31  6:52  Probe (Chrono Boost)  
  32  7:02  Probe (Chrono Boost)  
  33  7:11  Pylon  
  33  7:13  Probe (Chrono Boost)  
  33  7:14  Pylon  
  34  7:20  Protoss Air Weapons Level 1  
  34  7:23  Probe (Chrono Boost)  
  34  7:24  Assimilator  
  34  7:28  Assimilator  
  35  7:33  Stargate  
  35  7:34  Stargate, Probe (Chrono Boost)  
  36  7:45  Probe (Chrono Boost)  
  37  7:55  Probe (Chrono Boost)  
  38  8:05  Photon Cannon  
  38  8:06  Probe (Chrono Boost)  
  39  8:16  Probe (Chrono Boost)  
  40  8:20  Void Ray x2  
  49  8:27  Probe (Chrono Boost)  
  49  8:37  Probe (Chrono Boost)  
  49  8:38  Cybernetics Core  
  50  8:42  Fleet Beacon  
  50  8:48  Probe (Chrono Boost)  
  51  8:58  Probe (Chrono Boost)  
  51  9:01  Robotics Facility, Oracle  
  51  9:02  Oracle  
  58  9:21  Protoss Air Armor Level 1  
  58  9:29  Probe (Chrono Boost)  
  59  9:36  Carrier  
  59  9:41  Probe (Chrono Boost)  
  60  9:47  Void Ray  
  67  9:53  Probe (Chrono Boost)  
  67  9:56  Warp Prism  
  73  10:05  Probe (Chrono Boost)  
  74  10:17  Probe (Chrono Boost)  
  74  10:18  Carrier  
  75  10:30  Graviton Catapult  
  81  10:59  Phoenix  
  57  11:33  Void Ray  
Show
View Real Time Build Order
Export as new Build Order

gLMudis Terran 

Build Orders: MMM Bio 

Get SALT Encoding   

  12  0:00  SCV  
  13  0:13  SCV  
  14  0:18  Supply Depot  
  14  0:25  SCV  
  15  0:40  SCV, Barracks  
  16  0:50  Refinery  
  16  0:52  SCV  
  17  1:04  SCV  
  18  1:28  Orbital Command, Marine  
  18  1:31  Supply Depot  
  19  1:46  Barracks, Marine  
  20  1:53  Barracks  
  20  2:00  SCV  
  21  2:09  Marine  
  21  2:12  SCV  
  23  2:25  SCV  
  23  2:28  Marine  
  25  2:32  Supply Depot  
  25  2:33  Barracks Tech Lab  
  26  2:37  SCV  
  26  2:40  Marine  
  27  2:45  Supply Depot  
  27  2:49  SCV  
  28  2:52  Stimpack  
  28  2:54  Bunker, Marine  
  29  3:01  SCV, Barracks Tech Lab  
  30  3:11  Marine  
  30  3:12  Marine  
  32  3:13  SCV  
  32  3:19  Marine  
  34  3:22  Combat Shields  
  34  3:25  SCV  
  35  3:29  Marine  
  35  3:31  Marine, Supply Depot  
  37  3:40  Marine  
  38  3:46  Marine  
  37  4:00  Marine x2  
  35  4:04  Command Center  
  35  4:07  Marine  
  36  4:18  Marine x2  
  33  4:25  Marine  
  34  4:34  Supply Depot  
  34  4:35  Marine  
  34  4:36  Factory, Marine  
  36  4:42  SCV  
  36  4:43  Marine  
  38  4:53  Marine  
  38  4:54  Marine  
  40  5:01  Marine  
  41  5:09  SCV  
  41  5:11  Marine x2  
  44  5:17  Orbital Command  
  44  5:19  Marine  
  44  5:20  Factory Reactor  
  45  5:22  SCV, Starport  
  45  5:27  Refinery  
  45  5:28  Engineering Bay  
  46  5:29  Marine  
  47  5:40  Refinery  
  47  5:56  Marine  
  47  5:57  Marine x2  
  44  6:06  Missile Turret  
  44  6:09  Missile Turret  
  44  6:16  Marauder x2  
  45  6:19  Concussive Shells  
  45  6:20  SCV  
  45  6:21  Medivac x2  
  45  6:24  SCV  
  49  6:30  Refinery  
  49  6:35  Terran Infantry Weapons Level 1  
  49  6:38  Marauder  
  51  6:43  Marine  
  52  6:47  SCV x2  
  52  6:51  Medivac  
  52  6:53  Factory Tech Lab  
  56  6:56  Marauder  
  56  6:58  Marine  
  59  7:10  Marine  
  60  7:17  Marauder, Marine  
  60  7:19  Barracks  
  60  7:20  Barracks, Command Center  
  60  7:21  SCV  
  64  7:23  Barracks  
  64  7:24  SCV  
  64  7:25  Engineering Bay  
  64  7:28  Armory  
  65  7:30  Marine  
  65  7:32  Siege Tank  
  65  7:33  SCV  
  65  7:35  Marine  
  71  7:38  Marine  
  72  7:47  Marine  
  68  7:52  Marine  
  68  7:55  Marine  
  70  8:05  Marine  
  70  8:10  Marine  
  70  8:11  SCV x2  
  74  8:13  Marine  
  74  8:14  Barracks Tech Lab x2  
  75  8:23  Marine  
  76  8:28  Marine  
  76  8:33  Missile Turret  
  72  8:35  Marine x2  
  72  8:40  SCV x2  
  72  8:41  SCV  
  73  8:52  SCV, Missile Turret  
  73  8:55  Missile Turret  
  74  8:58  SCV, Marine  
  74  8:59  Marine x5  
  74  9:01  Medivac, Siege Tank  
  74  9:02  Medivac  
  86  9:16  Marine x2  
  86  9:17  Marine  
  87  9:20  Marine x3  
  88  9:29  SCV  
  88  9:31  Medivac x2, Supply Depot x2  
  93  9:44  Marine  
  93  9:45  Marine  
  93  9:52  Marine x3, Siege Tank  
  99  9:59  Marine, Supply Depot x2  
  100  10:00  Terran Infantry Weapons Level 2  
  100  10:01  Missile Turret, Terran Infantry Armor Level 1  
  100  10:07  Planetary Fortress  
  100  10:27  Missile Turret  
  100  10:28  Missile Turret, Marine x2  
  100  10:29  Marine x4  
  87  10:46  Marine x3  
  87  10:47  Marine x3  
  93  11:03  Command Center  
  74  11:18  Missile Turret  
  74  11:19  SCV  
  74  11:20  SCV  
  74  11:23  Marine x3  
  79  11:32  SCV  
  79  11:37  SCV  
  79  11:38  Marine x2  
  82  11:44  SCV  
Show
View Real Time Build Order
Export as new Build Order

ggWUTLOL Zerg 

Build Orders: Hatch First 

Get SALT Encoding   

  12  0:01  Drone  
  13  0:10  Drone  
  14  0:21  Overlord  
  14  0:45  Drone  
  14  0:48  Hatchery  
  14  1:05  Spawning Pool  
  13  1:15  Drone  
  14  1:43  Drone  
  14  1:44  Drone x2  
  17  1:53  Spine Crawler  
  16  1:57  Queen  
  18  2:02  Zergling x2  
  19  2:14  Spine Crawler  
  18  2:17  Zergling x2  
  18  2:20  Drone x2  
  21  2:41  Drone x5  
  21  2:44  Extractor  
  25  2:47  Overlord  
  25  2:56  Queen  
  27  3:15  Drone x5  
  27  3:16  Drone x2  
  34  3:21  Overlord  
  34  3:37  Roach Warren  
  33  3:48  Metabolic Boost  
  33  3:52  Extractor  
  32  3:58  Zergling x16  
  40  4:19  Roach x2  
  42  4:41  Roach  
  42  4:43  Overlord x2  
  44  4:57  Overlord  
  44  5:00  Queen  
  46  5:17  Drone x2  
  46  5:18  Drone x7  
  52  5:49  Roach x4  
  57  5:55  Queen  
  53  6:01  Evolution Chamber  
  47  6:04  Drone x3  
  47  6:05  Drone x3  
  52  6:16  Roach x2  
  56  6:24  Spine Crawler  
  55  6:25  Spine Crawler  
  55  6:28  Spine Crawler  
  53  6:33  Drone x4  
  57  6:42  Spore Crawler  
  56  7:06  Drone x3  
  56  7:07  Extractor  
  56  7:08  Lair, Extractor  
  58  7:11  Zerg Melee Weapons Level 1  
  57  7:19  Zergling x2  
  57  7:20  Zergling x12  
  59  7:45  Roach x3  
  59  7:46  Roach x3  
  61  8:09  Spire  
  58  8:20  Spore Crawler  
  55  8:28  Zergling x14  
  62  8:48  Drone  
  62  8:49  Drone x5  
  62  8:51  Overlord x2  
  62  8:53  Hatchery  
  62  8:54  Hatchery  
  66  9:24  Mutalisk x7  
  75  9:48  Mutalisk x5  
  75  9:50  Overlord  
  75  9:51  Overlord  
  83  10:05  Drone x2  
  85  10:13  Mutalisk  
  85  10:14  Mutalisk x3  
  93  10:33  Zergling x22  
  104  10:58  Queen  
  104  11:00  Drone x6  
  104  11:03  Overlord x4  
  105  11:29  Mutalisk x6  
  107  11:45  Zergling x2  
  107  11:46  Zergling x16  
Show
View Real Time Build Order
Export as new Build Order

Reservkatt Protoss 

Build Orders:  

Get SALT Encoding   

  12  0:12  Pylon  
  12  0:33  Gateway  
  12  1:23  Zealot  
  14  1:44  Cybernetics Core  
  14  1:50  Zealot  
  11  2:37  Nexus  
  1  3:06  Pylon  
  1  3:43  Nexus  
  1  5:34  Probe (Chrono Boost)  
  2  6:08  Probe (Chrono Boost)  
  3  6:37  Probe (Chrono Boost)  
  4  6:53  Probe (Chrono Boost)  
  5  7:07  Probe (Chrono Boost)  
  6  7:18  Probe (Chrono Boost)  
  7  7:29  Probe (Chrono Boost)  
  8  7:55  Probe (Chrono Boost)  
  9  8:06  Probe (Chrono Boost)  
  10  8:16  Probe (Chrono Boost)  
  11  8:27  Probe (Chrono Boost)  
  11  8:32  Pylon  
  12  8:38  Probe (Chrono Boost)  
  13  8:48  Probe (Chrono Boost)  
  14  8:52  Gateway  
  14  8:59  Probe (Chrono Boost)  
  15  9:09  Probe (Chrono Boost)  
  16  9:10  Assimilator  
  16  9:15  Assimilator  
  16  9:20  Probe (Chrono Boost)  
  17  9:30  Probe (Chrono Boost)  
  18  9:41  Probe (Chrono Boost)  
  18  9:42  Cybernetics Core  
  19  9:51  Probe (Chrono Boost)  
  19  9:52  Pylon  
  20  10:02  Probe (Chrono Boost)  
  20  10:06  Warp Gate  
  21  10:11  Gateway  
  21  10:13  Probe (Chrono Boost)  
  22  10:25  Probe (Chrono Boost)  
  23  10:34  Pylon  
  24  10:37  Probe (Chrono Boost)  
  24  10:46  Sentry  
  26  10:59  Gateway  
  26  11:16  Forge  
  26  11:23  Stalker x2  
  30  11:49  Stalker  
Tags
 
Add a new tag
Caveats
  • Supply blocks, unpowered buildings, or Contaminate may cause inaccurate times.
  • Supply counts are checked every 10 seconds.